 Dungeon Crawl Stone Soup version 0.31-a0-1-g4198be8af4 (webtiles) character file.

Game seed: 17263556326281337172

1286 Ahpoh the Magician (level 8, -1/40 HPs)
             Began as a Vine Stalker Wanderer on May 2, 2023.
             Was a Follower of Okawaru.
             Succumbed to a killer bee's poison
             ... on level 6 of the Dungeon.
             The game lasted 00:11:22 (4754 turns).

Ahpoh the Magician (Vine Stalker Wanderer)          Turns: 4754, Time: 00:11:23

Health: -1/40      AC: 11    Str: 11    XL:     8   Next: 55%
Magic:  13/16      EV:  7    Int: 11    God:    Okawaru [*.....]
Gold:   179        SH:  5    Dex: 21    Spells: 16/16 levels left

rFire   . . .        D - +0 scimitar
rCold   . . .        d - +0 buckler
rNeg    . . .        v - +0 plate armour
rPois   .            (no helmet)
rElec   .            (no cloak)
rCorr   .            (no gloves)
SInv    .            (no boots)
Will    ++...        (no amulet) Stlth
                     l - ring of willpower
HPRegen 1.06/turn    o - +5 ring of evasion
MPRegen 0.15/turn

%: guardian spirit
@: lethally poisoned (-1 -> -6)
A: fangs 3, regeneration 1, magic shield, antimagic bite, no potion heal 2
a: Renounce Religion, Heroism


You were on level 6 of the Dungeon.
You worshipped Okawaru.
Okawaru was aware of your devotion.
You visited 2 branches of the dungeon, and saw 7 of its levels.

You collected 280 gold pieces.
You spent 101 gold pieces at shops.

Inventory:

Hand Weapons
 a - a +0 dagger
 t - a +3 short sword
 x - a +0 long sword
 y - a +4 spear
 D - a +0 scimitar (weapon)
Missiles
 b - 3 throwing nets
 h - 4 boomerangs of dispersal (quivered)
Armour
 d - a +0 buckler (worn)
 v - a +0 plate armour (worn)
Jewellery
 l - a ring of willpower (left hand)
 m - a ring of fire
 o - a +5 ring of evasion (right hand)
 q - a ring of see invisible
Wands
 s - a wand of digging (5)
 w - a wand of mindburst (14)
 C - a wand of paralysis (8)
Scrolls
 g - 4 scrolls of identify {unknown}
 j - 2 scrolls of immolation {unknown}
 n - 2 scrolls of blinking {unknown}
 p - a scroll of enchant armour {unknown}
 r - 2 scrolls of teleportation {unknown}
 E - a scroll of enchant weapon {unknown}
 G - a scroll of fear {unknown}
Potions
 c - 2 potions of degeneration {unknown}
 e - a potion of invisibility {unknown}
 f - a potion of resistance {unknown}
 i - 4 potions of attraction {unknown}
 k - 2 potions of heal wounds {unknown}
 u - 2 potions of mutation {unknown}
 z - a potion of might {unknown}
 A - 3 potions of curing {unknown}
 B - 2 potions of lignification {unknown}
 F - a potion of cancellation {unknown}


   Skills:
 + Level 3.4 Fighting
 + Level 2.2(3.7) Short Blades
 + Level 4.7(4.9) Long Blades
 + Level 3.9 Armour
 + Level 1.9 Dodging
 + Level 1.7 Stealth
 + Level 2.4 Shields
 + Level 4.7 Spellcasting
 + Level 3.6 Air Magic
 + Level 1.0 Evocations


You had 16 spell levels left.
You didn't know any spells.
Your spell library contained the following spells:

 Spells                   Type           Power      Damage    Failure   Level
 Magic Dart               Conj           8%         1d3       100%        1
 Sandblast                Erth           4%         2d4       100%        1
 Shock                    Conj/Air       24%        1d4       100%        1
 Slow                     Hex            8%         N/A       100%        1
 Cigotuvi's Dreadful Rot  Necr/Pois/Air  10%        N/A       100%        2
 Ensorcelled Hibernation  Hex/Ice        4%         N/A       100%        2
 Passwall                 Tmut/Erth      1%         N/A       100%        2
 Static Discharge         Conj/Air       12%        2-3/arc   100%        2
 Confusing Touch          Hex            2%         N/A       100%        3
 Dazzling Flash           Conj/Hex       4%         N/A       100%        3
 Hailstorm                Conj/Ice       2%         3d3       100%        3
 Mephitic Cloud           Conj/Pois/Air  5%         N/A       100%        3
 Portal Projectile        Hex/Tloc       4%         N/A       100%        3
 Stone Arrow              Conj/Erth      4%         3d7       100%        3
 Swiftness                Air            10%        N/A       100%        3
 Vampiric Draining        Necr           2%         2d6       100%        3
 Volatile Blastmotes      Fire/Tloc      4%         2d10      100%        3
 Ice Form                 Ice/Tmut       2%         N/A       100%        4
 Iskenderun's Mystic Bla  Conj/Tloc      2%         2d3       100%        4
 Leda's Liquefaction      Hex/Erth       1%         N/A       100%        4
 Starburst                Conj/Fire      1%         6d3       100%        6
 Lehudib's Crystal Spear  Conj/Erth      1%         10d2      100%        8
 Call Imp                 Summ           Unusable   N/A       N/A         2
 Call Canine Familiar     Summ           Unusable   N/A       N/A         3
 Animate Armour           Summ/Erth      Unusable   N/A       N/A         4
 Simulacrum               Ice/Necr       Unusable   N/A       N/A         6

Dungeon Overview and Level Annotations

Branches:
Dungeon (6/15)             Temple (1/1) D:4

Altars:
Cheibriados
Dithmenos
Fedhas
Makhleb
Nemelex Xobeh
Okawaru
Qazlal
Ru
Vehumet
Zin
The Shining One

Shops:
D:3 (

Annotations:
D:5 3 runed translucent doors, Kranky's ghost, novice GnWn


Innate Abilities, Weirdness & Mutations

You have razor-sharp teeth.
Your natural rate of healing is unusually fast.
When hurt, damage is shared between your health and your magic reserves.
Your bite disrupts and absorbs the magic of your enemies.
Potions cannot restore your health.


Message History

You feel very sick. The killer bee closely misses you.
You hit the killer bee. Your bite misses the killer bee.
The killer bee is lightly wounded.
You feel sick. The killer bee completely misses you.
You block the killer bee's attack. x2; The killer bee stings you.
* * * LOW HITPOINT WARNING * * *
You are more poisoned.
The killer bee poisons you! The killer bee barely misses you.
You hit the killer bee but do no damage.
The killer bee is lightly wounded.
You feel very sick.
The killer bee barely misses you. x2; The killer bee stings you.
* * * LOW HITPOINT WARNING * * *
You block the killer bee's attack.
You closely miss the killer bee. You bite the killer bee. You drain its power.
You feel invigorated.
The killer bee is heavily wounded.
You feel sick.
The killer bee stings you but does no damage.
You block the killer bee's attack.
The killer bee stings you but does no damage. x4
You closely miss the killer bee. Your bite misses the killer bee.
You feel sick.
The killer bee stings you but does no damage.
The killer bee stings you.
* * * LOW HITPOINT WARNING * * *
You are lethally poisoned!
The killer bee poisons you!
The killer bee stings you but does no damage.
The killer bee barely misses you.
You completely miss the killer bee. Your bite misses the killer bee.
The killer bee is heavily wounded.
* * * LOW HITPOINT WARNING * * *
You feel very sick. You block the killer bee's attack.
The killer bee barely misses you. x2
The killer bee stings you but does no damage.
You miss the killer bee. Your bite misses the killer bee.
The killer bee is heavily wounded.
You die...

........#####.# #.#
........# #.# #.#
....###.#####.####
#######.# ....#
#.......... ........#
....###........#
###########..#
######.........#
#............#
#.........#
#.####.##....#
#.........###.#
#.#.....#
#.........y@#.#
#.#.#...#
##........#y#.#
#.......#
#........#y#.#
###...#.#
#........#y#.# #.....#
...........#.#.#
#.#####
###........#.#.######.
#........#.#......#.
....###.###.######.#.
.... ... #.#


You could see 4 killer bees.

Vanquished Creatures
  An orc warrior (D:6)
  2 sky beasts
  An ogre (D:6)
  A scorpion (D:5)
  2 killer bees (D:6)
  7 hounds
  A jelly (D:6)
  2 gnoll boudas (D:5)
  Natasha (D:2)
  A sleepcap (D:6)
  An iguana (D:4)
  2 orc wizards (D:3)
  7 adders
  16 gnolls
  A shadow imp (D:6)
  A dart slug (D:3)
  15 orcs
  16 endoplasms
  4 giant cockroaches
  9 goblins
  7 hobgoblins
  8 jackals
  10 kobolds
  5 quokkas
  7 ball pythons
  8 bats
  9 frilled lizards
  4 rats
149 creatures vanquished.

Notes
Turn   | Place    | Note
-------+----------+-------------------------------------------
     0 | D:1      | Ahpoh the Vine Stalker Wanderer began the quest for the
                  | Orb.
     0 | D:1      | Ahpoh set off with the following items: a +0 dagger, a
                  | scroll of summoning, a +0 robe, a +0 buckler; and the
                  | following spells available to memorise: Shock, Static
                  | Discharge, Sandblast, Cigotuvi's Dreadful Rot, Stone Arrow.
     0 | D:1      | Reached XP level 1. HP: 10/10 MP: 6/6
    37 | D:1      | Reached XP level 2. HP: 11/14 MP: 6/8
   436 | D:1      | Reached XP level 3. HP: 10/18 MP: 8/10
   772 | D:1      | You fall into a shaft and drop 1 floor!
  1281 | D:2      | Reached skill level 1 in Stealth
  1297 | D:2      | Gained mutation: Your natural rate of healing is unusually
                  | fast. [Vine Stalker growth]
  1297 | D:2      | Reached XP level 4. HP: 5/22 MP: 4/11
  1318 | D:2      | Reached skill level 1 in Armour
  1399 | D:2      | Reached skill level 1 in Dodging
  1727 | D:3      | Noticed an angel
  1727 | D:3      | Found a glowing silver altar of Zin.
  1756 | D:3      | Found a large runed translucent door.
  1756 | D:3      | Found a large runed translucent door.
  1785 | D:3      | Found a snail-covered altar of Cheibriados.
  1793 | D:3      | Reached skill level 1 in Short Blades
  1793 | D:3      | Reached XP level 5. HP: 26/26 MP: 13/13
  1799 | D:3      | Found a blossoming altar of Fedhas.
  1932 | D:3      | Noticed Natasha
  1953 | D:2      | Killed Natasha
  2336 | D:3      | Found a sacrificial altar of Ru.
  2427 | D:3      | Found a shadowy altar of Dithmenos.
  2470 | D:3      | Found a faded altar of an unknown god.
  2475 | D:3      | Found a radiant altar of Vehumet.
  2590 | D:3      | Reached XP level 6. HP: 29/30 MP: 14/14
  2687 | D:3      | Found Ufiu's Antique Weapon Emporium.
  2692 | D:3      | Bought a long sword for 101 gold pieces
  2831 | D:4      | Found a stormy altar of Qazlal.
  2831 | D:4      | Noticed a sky beast
  2846 | D:4      | Killed a sky beast
  3141 | D:4      | Reached XP level 7. HP: 25/35 MP: 4/15
  3293 | D:4      | Found a staircase to the Ecumenical Temple.
  3307 | Temple   | Entered the Ecumenical Temple
  3314 | Temple   | Became a worshipper of Warmaster Okawaru
  3350 | D:5      | Entered Level 5 of the Dungeon
  3378 | D:5      | Reached skill level 1 in Long Blades
  3464 | D:5      | Found a glowing golden altar of the Shining One.
  3503 | D:5      | Found a runed translucent gate.
  3504 | D:5      | Found a runed translucent gate.
  3506 | D:5      | Found a runed translucent gate.
  3508 | D:5      | Noticed Kranky's ghost (novice GnWn)
  3509 | D:5      | Noticed a hornet
  3765 | D:5      | Found a sparkling altar of Nemelex Xobeh.
  4053 | D:5      | Found a burning altar of Makhleb.
  4237 | D:5      | Identified the +1 ring mail of Joy {Will- rCorr Dex+2}
  4461 | D:6      | Reached * piety under Okawaru
  4462 | D:6      | Gained mutation: You have razor-sharp teeth. [Vine Stalker
                  | growth]
  4462 | D:6      | Reached XP level 8. HP: 12/39 MP: 5/16
  4753 | D:6      | HP: 1/40 [poisoned by a killer bee]
  4754 | D:6      | Succumbed to a killer bee's poison

Illustrated notes

Levels and vault maps discovered:
D:1:      dpeg_arrival_simpleton_a, layout_loops_corners, minmay_pentomino_p4
D:2:      layout_rooms, serial_aquarium, aquarium_bridge_straight
          [aquarium_subvault_bridge, aquarium_subvault_window,
          aquarium_subvault_bridge, aquarium_subvault_wall],
          aquarium_window_corridor_3, aquarium_window_1, aquarium_window_corner,
          aquarium_window_corner, aquarium_view_4, aquarium_balcony_5b
D:3:      minmay_evil_eye, layout_rooms, nicolae_overflow_ecumenical_swirl,
          mainiacjoe_overflow_six_doors_small, jmf_multi_god_temple2, zin_angel,
          marbit_many_paths, serial_glass, glass_columns_a, glass_columns_b,
          serial_shops, nicolae_shop_hallway_plus, st_stairs_3, uniq_natasha
D:4:      layout_cave_pools, nicolae_qazlal_beasts_of_the_sky,
          minmay_temple_entry_poolview, chequers_serial_rivers_micro_d
D:5:      layout_loops_ring, mainiacjoe_overflow_cross_hatched,
          nemelex_spade_bored_becter, lightli_temple_of_fire,
          gammafunk_ghost_split
D:6:      layout_basic, nicolae_overflow_two_pavilions, uniq_pikel
Temple:   nicolae_temple_bog_church

Skill      XL: |  1  2  3  4  5  6  7  8 |
---------------+-------------------------+-----
Stealth        | 1 |  1.7
Armour         | 1 2 3 |  3.9
Dodging        | 1 |  1.9
Short Blades   | 1 2 |  2.2
Fighting       | 2 3 |  3.4
Long Blades    | 3 4 |  4.7
Shields        | 2 |  2.4
Spellcasting   | |  4.7
Air Magic      | |  3.6
Evocations     | |  1.0

Action                     |  1- 3 |  4- 6 |  7- 9 || total
---------------------------+-------+-------+-------++-------
  Melee: Dagger            |   151 |   230 |       ||   381
         Bite              |    49 |    77 |    68 ||   194
         Long sword        |       |    49 |    92 ||   141
         Scimitar          |       |       |   109 ||   109
  Evoke: Wand              |       |       |     1 ||     1
    Use: Scroll            |       |     1 |       ||     1
   Stab: Sleeping          |     1 |       |       ||     1
 Armour: Robe              |    14 |       |       ||    14
         Ring mail         |    40 |    28 |       ||    68
         Plate armour      |       |    84 |   112 ||   196
  Dodge: Dodged            |    66 |   141 |    83 ||   290
  Block: Buckler           |    24 |    68 |    63 ||   155

Table legend: (Time is in decaauts)
 A = Elapsed time spent in this place.
 B = Non-inter-level travel time spent in this place.
 C = Inter-level travel time spent in this place.
 D = Time resting spent in this place.
 E = Time spent auto-exploring this place.
 F = Levels seen in this place.
 G = Mean time per level.
                   A        B        C        D        E       F      G
               +--------+--------+--------+--------+--------+-----+--------+
         Total |   4839 |   4772 |     67 |     30 |   3058 |   7 |  691.3 |
       Dungeon |   4825 |   4758 |     67 |     30 |   3058 |   6 |  804.2 |
        Temple |     14 |     14 |      0 |      0 |      0 |   1 |   14.0 |
               +--------+--------+--------+--------+--------+-----+--------+

Top non-repeatable levels by time:
     D:5: 1090 daAuts
     D:1: 1076 daAuts
     D:3: 951 daAuts
     D:2: 690 daAuts
     D:4: 643 daAuts
     D:6: 372 daAuts
  Temple: 14 daAuts
